AoeStats
← chenya_ko

Arabia

506378919Analyzed
1v1 RM · 20d ago on Sep 13, 2026· 55m 26s· 2 players
Game mode
Random Map
Map size
Tiny (2 player)
Population
200
Speed
Normal
Resources
Standard
Victory
Conquest
Starting age
Dark Age
Ending age
Imperial Age
RankedLock teamsTeams togetherTeam positionsShared explorationLock speedFull tech treeHidden civsTurbo modeCheats
Victory
Defeat
🇨🇳 Bulgarians · China
1056
+16
🇹🇼 Japanese · Taiwan
1047
-16
chenya_ko
2:07 Loom
9:54 Feudal Age
10:05 Man-at-Arms
11:51 Double-Bit Axe
15:07 Fletching
16:50 Wheelbarrow
23:51 Castle Age
21:47 Horse Collar
22:30 Gold Mining
23:07 Arson
23:34 Forging
23:25 Scale Mail Armor
23:56 Long Swordsman
24:21 Gambesons
25:24 Iron Casting
25:12 Squires
25:02 Pikeman
27:48 Bow Saw
27:42 Heavy Plow
30:19 Hand Cart
29:58 Town Watch
34:03 Chain Mail Armor
35:09 Gold Shaft Mining
35:00 Stone Mining
42:34 Imperial Age
43:10 Imperial Age
41:27 Ballistics
41:10 Padded Archer Armor
41:06 Bodkin Arrow
42:18 Elite Skirmisher
43:14 Two-Handed Swordsman
44:26 Plate Mail Armor
43:57 Bracer
45:49 Blast Furnace
46:11 Chemistry
45:24 Masonry
46:26 Champion
47:24 Leather Archer Armor
52:53 Halberdier
16466207
2:31 Loom
10:07 Feudal Age
10:52 Double-Bit Axe
21:41 Castle Age
20:34 Horse Collar
23:52 Wheelbarrow
23:31 Husbandry
24:38 Scale Barding Armor
24:58 Town Watch
25:36 Forging
27:04 Gold Mining
27:32 Stone Mining
30:05 Hand Cart
34:12 Stone Shaft Mining
34:10 Chain Barding Armor
34:16 Bloodlines
34:29 Bow Saw
35:37 Gold Shaft Mining
36:40 Fervor
39:32 Imperial Age
37:56 Fletching
38:07 Padded Archer Armor
39:38 Cavalier
40:57 Conscription
40:54 Thumb Ring
42:10 Parthian Tactics
41:59 Elite Skirmisher
42:04 Heavy Cavalry Archer
43:02 Bodkin Arrow
44:22 Ballistics
45:04 Chemistry
44:45 Stirrups
45:13 Murder Holes
45:29 Light Cavalry
46:51 Squires
46:36 Gambesons
47:28 Bracer
47:44 Leather Archer Armor
49:55 Plate Barding Armor
49:26 Elite Konnik
50:22 Arson
51:57 Iron Casting
Connection lost

Rejoining the realm…

Still unreachable

The connection could not be restored.

Session expired

The server has moved on; the page needs a fresh start.